 Dungeon Crawl Stone Soup version 0.22-a0-538-g76cc104 (webtiles) character file.

14277 kae the Martial Artist (level 11, -2/78 HPs)
             Began as a Demonspawn Transmuter on June 23, 2018.
             Was a High Priest of Okawaru.
             Slain by a blink frog (4 damage)
             ... on level 2 of the Lair of Beasts.
             The game lasted 00:21:04 (18253 turns).

kae the Martial Artist (Demonspawn Transmuter)     Turns: 18253, Time: 00:21:05

Health: -2/78      AC:  6    Str: 11    XL:     11   Next: 86%
Magic:  8/18       EV: 21    Int: 15    God:    Okawaru [*****.]
Gold:   910        SH:  0    Dex: 16    Spells: 9/20 levels left

rFire    + . .     SeeInvis .     - Unarmed
rCold    + . .     Gourm    .   (shield currently unavailable)
rNeg     . . .     Faith    .   D - +1 leather armour {rC+}
rPois    .         Spirit   .   (no helmet)
rElec    .         Reflect  .   u - +0 cloak
rCorr    .         Harm     .   (gloves currently unavailable)
MR       .....                  (no boots)
Stlth    +++++.....             (no amulet)
HPRegen  0.23/turn              (no ring)
MPRegen  0.16/turn              H - ring of protection from fire

@: blade hands (expiring), heroism, very slightly contaminated
A: talons 2, repulsion field 1, demonic guardian 1, nightstalker 2
a: End Transformation, Heroism, Finesse, Renounce Religion


You were on level 2 of the Lair of Beasts.
You worshipped Okawaru.
Okawaru was extremely pleased with you.
You were hungry.
You had blades for hands.
You visited 3 branches of the dungeon, and saw 14 of its levels.
You also visited: Sewer and Ossuary.

You collected 910 gold pieces.

Inventory:

Hand Weapons
 e - a +2 vampiric dagger
 g - a +1 dagger
Missiles
 a - 173 arrows
Armour
 n - a cursed +0 pair of gloves (melded)
 r - a +0 pair of gloves
 u - a +0 cloak (worn)
 D - a +1 leather armour of cold resistance (worn)
 N - a +0 buckler (melded)
Jewellery
 y - an uncursed amulet of faith
 F - an uncursed amulet of guardian spirit {unknown}
 H - a ring of protection from fire (right scythe-like blade)
Wands
 l - a wand of paralysis (31)
 q - a wand of digging (13)
 w - a wand of polymorph (7)
 x - a wand of iceblast (14)
 G - a wand of enslavement (19)
 K - a wand of random effects (28)
Scrolls
 c - a scroll of fear
 o - 6 scrolls of magic mapping
 p - 2 scrolls of teleportation
 z - 4 scrolls of immolation
 C - 5 scrolls of enchant armour
 E - 6 scrolls of enchant weapon
 I - 2 scrolls of blinking
 J - 2 scrolls of identify
 L - 3 scrolls of remove curse
Potions
 b - a potion of magic
 f - 2 potions of cancellation
 h - 3 potions of ambrosia
 i - 4 potions of flight
 j - 9 potions of curing
 k - 3 potions of brilliance
 m - 9 potions of agility
 t - 4 potions of lignification
 v - 2 potions of might
 A - a potion of mutation
 B - 3 potions of resistance
Comestibles
 d - 23 rations
 M - 2 chunks of flesh


   Skills:
 + Level 4.7(9.7) Fighting
 - Level 4.0(9.0) Armour
 - Level 5.0(10.0) Dodging
 + Level 1.8(6.8) Shields
 + Level 11.0(16.0) Unarmed Combat
 - Level 5.0 Spellcasting
 + Level 8.5 Transmutations
 + Level 9.8 Invocations


You had 9 spell levels left.
You knew the following spells:

 Your Spells              Type           Power        Failure   Level  Hunger
a - Beastly Appendage     Tmut           ####..       13%         1    None
b - Sticks to Snakes      Tmut           ####....     14%         2    ##.....
c - Spider Form           Tmut/Pois      ###.......   47%         3    ###....
d - Blade Hands           Tmut           ####......   58%         5    ######.

Your spell library contained the following spells:

 Spells                   Type           Power        Failure   Level  Hunger
 Confuse                  Hex            #.......     88%         3    ###....
 Throw Frost              Conj/Ice       #.....       73%         2    ##.....
 Mephitic Cloud           Conj/Pois/Air  #.......     88%         3    ###....
 Venom Bolt               Conj/Pois      #.........   100%        5    ######.
 Olgreb's Toxic Radiance  Pois           #.......     99%         4    ####...
 Freeze                   Ice            #...         63%         1    None
 Summon Ice Beast         Ice/Summ       #.......     99%         4    ####...
 Ozocubu's Armour         Chrm/Ice       #.......     88%         3    ###....
 Sting                    Conj/Pois      #...         63%         1    None
 Ice Form                 Ice/Tmut       ###.....     77%         4    ####...
 Throw Icicle             Conj/Ice       #.......     99%         4    ####...
 Confusing Touch          Hex            #.....       63%         1    None
 Metabolic Englaciation   Hex/Ice        #.........   100%        5    ######.
 Petrify                  Tmut/Erth      ###.....     77%         4    ####...
 Gell's Gravitas          Tloc           #.........   88%         3    ###....
 Yara's Violent Unravell  Hex/Tmut       ###.......   95%         5    ######.
 Poisonous Vapours        Pois/Air       #.....       73%         2    ##.....


Dungeon Overview and Level Annotations

Branches:
Dungeon (11/15)            Temple (1/1) D:5            Lair (2/6) D:10
  Swamp: Lair:2-4    Shoals: Lair:2-4     Snake: Lair:2-4    Spider: Lair:2-4
    Orc: D:9-12

Altars:
Ashenzari
Cheibriados
Dithmenos
Elyvilon
Fedhas
Gozag
Hepliaklqana
Kikubaaqudgha
Makhleb
Nemelex Xobeh
Okawaru
Qazlal
Sif Muna
Uskayaw
Vehumet
Wu Jian
Xom
Yredelemnul
Zin
The Shining One

Shops:
D:4 [

Annotations:
D:9 exclusion: vampire, Erolcha
Lair:1 exclusion: oklob plant


Innate Abilities, Weirdness & Mutations

You have razor-sharp toenails.
You are surrounded by a mild repulsion field. (EV +2)
A weak demonic guardian rushes to your aid.
You are significantly more attuned to the shadows.


Message History

Your transformation is almost over.
Your ufetubus barely misses the blink frog. x2
The blink frog closely misses you. The blink frog hits you!
* * * LOW HITPOINT WARNING * * *
The blink frog blinks!
You feel much better. The blink frog hits you.
* * * LOW HITPOINT WARNING * * *
The blink frog blinks!
Your ufetubus barely misses the blink frog.
Your ufetubus completely misses the blink frog.
The blink frog barely misses you. The blink frog misses you.
The blink frog hits you!
* * * LOW HITPOINT WARNING * * *
As you read the scroll of fear, it crumbles to dust.
You assume a fearsome visage.
Your ufetubus is unaffected.
The blink frog easily resists.
The blink frog looks frightened! x3
Your ufetubus barely misses the blink frog. x2
The blink frog blinks!
The blink frog hits you.
You die...

## . #.#
..#..####
....F#..#
....F@..#
....#§..###
......5F..###
...........P#
§...........#
...........##
............#
.#........P#
..........##


You could see 3 blink frogs and a friendly ufetubus.

Vanquished Creatures
  Harold (D:11)
  2 two-headed ogres
  An unseen horror (D:11)
  A deep elf mage (D:11)
  Maurice (D:9)
  2 black mambas
  A gargoyle (D:10)
  A centaur skeleton (D:10)
  A troll (D:10)
  A blink frog (Lair:2)
  2 hippogriffs (D:11)
  A vampire (D:9)
  3 hogs (D:7)
  8 yaks
  A human (D:7)
  2 hungry ghosts
  Duvessa (D:7)
  2 water moccasins
  A porcupine (Lair:1)
  2 black bears
  4 orc warriors
  5 sky beasts
  14 wolves (Lair:1)
  3 phantoms
  A necrophage (D:9)
  2 ogres (D:11)
  2 centaurs
  3 crocodiles
  2 big kobolds
  Blork the orc (D:4)
  5 bullfrogs
  2 wyvern zombies
  Dowan (D:7)
  3 scorpions
  13 killer bees (D:8)
  5 centaur zombies
  4 crimson imps
  A quasit (D:9)
  6 hounds
  2 jellies
  6 orc priests
  A bullfrog skeleton (D:5)
  2 iguanas
  8 orc wizards
  10 worker ants
  3 hound skeletons
  A hound zombie (D:10)
  9 mummies
  Robin (D:4)
  12 adders
  9 river rats
  20 oozes
  2 adder zombies
  2 adder skeletons
  4 worms
  4 dart slugs
  4 leopard geckos
  41 orcs
  3 ball pythons (Sewer)
  4 bats
  7 giant cockroaches
  16 goblins
  5 hobgoblins
  8 jackals
  5 quokkas
  5 frilled lizards
  2 gnoll zombies (Ossuary)
  2 hobgoblin zombies (Ossuary)
  31 kobolds
  2 kobold zombies (Ossuary)
  2 orc zombies (Ossuary)
  A quokka skeleton (D:6)
  25 rats
371 creatures vanquished.

Vanquished Creatures (collateral kills)
  A spiny frog (Lair:1)
  A hog (D:7)
  An ogre (D:4)
  A wolf (Lair:1)
  2 phantoms
  A bullfrog (D:6)
  A bullfrog zombie (D:10)
  3 orc priests (D:3)
  A hound (D:6)
  A bullfrog skeleton (D:5)
  A river rat (D:5)
  2 orcs (D:9)
  5 giant cockroaches
  3 kobolds
  3 rats (Sewer)
27 creatures vanquished.

Vanquished Creatures (others)
  6 fungi (Lair:1)
6 creatures vanquished.

Grand Total: 404 creatures vanquished

Notes
Turn   | Place    | Note
-------+----------+-------------------------------------------
     0 | D:1      | kae the Demonspawn Transmuter began the quest for the Orb.
     0 | D:1      | Reached XP level 1. HP: 15/15 MP: 3/3
   361 | D:1      | Reached skill level 3 in Unarmed Combat
   375 | D:1      | Gained mutation: You are slightly more attuned to the shadows. [demonic ancestry]
   375 | D:1      | Reached XP level 2. HP: 12/21 MP: 5/5
  1169 | D:2      | Gained mutation: A weak demonic guardian rushes to your aid. [demonic ancestry]
  1169 | D:2      | Reached XP level 3. HP: 25/26 MP: 4/6
  1173 | D:2      | Learned a level 2 spell: Sticks to Snakes
  1177 | D:2      | Learned a level 3 spell: Spider Form
  1349 | D:2      | Found a snail-covered altar of Cheibriados.
  2295 | D:3      | Reached skill level 4 in Unarmed Combat
  2295 | D:3      | Gained mutation: You have sharp toenails. [demonic ancestry]
  2295 | D:3      | Reached XP level 4. HP: 8/32 MP: 7/7
  3038 | D:3      | Reached XP level 5. HP: 34/37 MP: 4/8
  3197 | D:3      | Found a deep blue altar of Sif Muna.
  3278 | D:3      | Found a shattered altar of Ashenzari.
  3585 | D:4      | Noticed Robin
  3599 | D:4      | Killed Robin
  3678 | D:4      | Noticed a sky beast
  3746 | D:4      | Noticed Blork the orc
  3771 | D:4      | Killed Blork the orc
  3771 | D:4      | Reached skill level 5 in Unarmed Combat
  4119 | D:4      | Found a hazy altar of Hepliaklqana.
  4131 | D:4      | Found Satur's Armour Emporium.
  4144 | D:4      | Noticed a phantom
  4161 | D:4      | Killed a phantom
  4161 | D:4      | Reached XP level 6. HP: 23/43 MP: 6/9
  4642 | D:4      | Found a sparkling altar of Nemelex Xobeh.
  4891 | D:4      | Killed a sky beast
  4891 | D:4      | Reached skill level 6 in Unarmed Combat
  4891 | D:4      | Gained mutation: You are surrounded by a mild repulsion field. (EV +2) [demonic ancestry]
  4891 | D:4      | Reached XP level 7. HP: 41/48 MP: 6/10
  4937 | D:5      | Entered Level 5 of the Dungeon
  5143 | D:5      | Found a staircase to the Ecumenical Temple.
  5183 | Temple   | Entered the Ecumenical Temple
  5332 | Temple   | Became a worshipper of Warmaster Okawaru
  5415 | D:5      | Reached skill level 1 in Invocations
  5439 | D:5      | Reached skill level 7 in Unarmed Combat
  5501 | D:5      | Found a glowing drain.
  5536 | Sewer    | Entered a sewer
  5917 | Sewer    | Reached skill level 5 in Transmutations
  5994 | Sewer    | Gained mutation: You are significantly more attuned to the shadows. [demonic ancestry]
  5994 | Sewer    | Reached XP level 8. HP: 39/54 MP: 9/11
  6817 | D:5      | Reached * piety under Okawaru
  6915 | D:5      | Found a stormy altar of Qazlal.
  7120 | D:6      | Reached skill level 8 in Unarmed Combat
  7270 | D:6      | Found a blossoming altar of Fedhas.
  8583 | D:7      | Found a sand-covered staircase.
  8590 | Ossuary  | Entered an ossuary
  8915 | Ossuary  | Reached skill level 5 in Invocations
  9099 | D:7      | Noticed Duvessa
  9099 | D:7      | Noticed Dowan
  9123 | D:7      | Killed Duvessa
  9123 | D:7      | Reached XP level 9. HP: 59/59 MP: 12/12
  9124 | D:7      | Killed Dowan
  9362 | D:7      | Reached skill level 9 in Unarmed Combat
  9480 | D:7      | Noticed a two-headed ogre
  9681 | D:7      | Reached ** piety under Okawaru
 10479 | D:7      | Killed a two-headed ogre
 10479 | D:7      | Reached *** piety under Okawaru
 10479 | D:7      | Reached skill level 10 in Unarmed Combat
 10905 | D:8      | Reached XP level 10. HP: 52/65 MP: 15/15
 11306 | D:8      | Reached skill level 1 in Armour
 11867 | D:8      | Found a stormy altar of Qazlal.
 12804 | D:9      | Noticed Erolcha
 12863 | D:9      | Noticed Maurice
 12938 | D:9      | Killed Maurice
 13046 | D:9      | Reached **** piety under Okawaru
 13182 | D:9      | Learned a level 5 spell: Blade Hands
 13490 | D:10     | Entered Level 10 of the Dungeon
 13829 | D:10     | Noticed a gargoyle
 14078 | D:10     | Found a staircase to the Lair.
 14523 | D:10     | Killed a gargoyle
 14664 | D:11     | Noticed a deep elf mage
 14680 | D:11     | Killed a deep elf mage
 14727 | D:11     | Gained mutation: You have razor-sharp toenails. [demonic ancestry]
 14727 | D:11     | Reached XP level 11. HP: 65/74 MP: 17/17
 15090 | D:11     | Noticed a two-headed ogre
 15110 | D:11     | Killed a two-headed ogre
 15197 | D:11     | Noticed Harold
 15231 | D:11     | Killed Harold
 15407 | D:11     | Reached ***** piety under Okawaru
 15437 | D:11     | Killed an unseen horror
 15910 | D:11     | Reached skill level 5 in Spellcasting
 16059 | D:11     | Reached skill level 5 in Dodging
 16273 | Lair:1   | Entered Level 1 of the Lair of Beasts
 16519 | Lair:1   | Received a gift from Okawaru
 16623 | Lair:1   | Noticed an oklob plant
 17325 | Lair:1   | Reached skill level 1 in Shields
 17724 | Lair:1   | Reached skill level 11 in Unarmed Combat
 18251 | Lair:2   | HP: 3/78 [blink frog (10)]
 18253 | Lair:2   | Slain by a blink frog

Vault maps used:
D:1:      dpeg_arrival_three_smaller_balls
D:2:      overflow_temple_1_default
D:3:      cheibrodos_ashenzari_chains, lemuel_blue_sif_altar
D:4:      overflow_temple_1_default, kennysheep_mini, serial_shops, shop,
          first_ration, minmay_quantized, uniq_robin, uniq_blork_the_orc
D:5:      nicolae_overflow_hidden_temple, minmay_temple_entry_overgrown,
          lightli_sewer_entry_pipes
D:6:      fedhas_altar_1
D:7:      statuecave_lemuel, gup_ossuary_entry_pyramid, grunt_livestock,
          uniq_duvessa
D:8:      grunt_qazlal_clouds
D:9:      uniq_erolcha, uniq_maurice
D:10:     lair_entry_dummy
D:11:     nicolae_wwwww, uniq_harold
Temple:   regret_index_temple_sphere_string
Lair:1:   lemuel_slime
Lair:2:   serial_bayou_shore_b
Sewer:    sewer_minmay_treatment
Ossuary:  ossuary_tomb_3

Skill      XL: |  1  2  3  4  5  6  7  8  9 10 11 |
---------------+----------------------------------+-----
Unarmed Combat | 3 4 5 6 7 8 10 11 | 11.0
Transmutations | 2 3 4 5 6 7 8 |  8.5
Invocations    | 2 5 7 8 9 |  9.8
Dodging        | 4 5 |  5.0
Armour         | 3 4 |  4.0
Spellcasting   | 4 5 |  5.0
Fighting       | 2 4 |  4.7
Shields        | 1 |  1.8

Action                   |  1- 3 |  4- 6 |  7- 9 | 10-12 || total
-------------------------+-------+-------+-------+-------++-------
Melee: Unarmed           |    44 |   124 |   483 |   537 ||  1188
       Kick              |     8 |    16 |    61 |    58 ||   143
       Dagger            |    88 |    15 |       |       ||   103
       Punch             |     2 |     1 |     5 |     5 ||    13
       Headbutt          |     2 |       |     1 |     7 ||    10
 Cast: Beastly Appendage |    14 |     1 |     3 |     4 ||    22
       Spider Form       |       |     9 |    36 |    36 ||    81
       Sticks to Snakes  |       |     2 |     5 |    12 ||    19
       Blade Hands       |       |       |       |     2 ||     2
Invok: Heroism           |       |       |     7 |    26 ||    33
Evoke: Wand              |       |       |       |     1 ||     1
  Use: Scroll            |       |       |    21 |     7 ||    28
       Potion            |       |       |     4 |     3 ||     7
 Stab: Sleeping          |     7 |     5 |    10 |    15 ||    37
       Distracted        |       |     1 |     5 |     1 ||     7
  Eat: Chunk             |     5 |    10 |    19 |    15 ||    49
       Ration            |       |       |     2 |     5 ||     7
Armor: Robe              |    16 |       |       |       ||    16
       Leather armour    |       |    19 |    40 |    22 ||    81
       Skin              |       |     3 |    30 |     4 ||    37
Dodge: Dodged            |    61 |    85 |   332 |   530 ||  1008
Block: Buckler           |       |       |       |     3 ||     3

Table legend:
 A = Spawn XP
 B = Non-spawn XP
 C = Spawn XP percentage of total XP
 D = Spawn monster count
 E = Non-spawn monster count
 F = Spawn count percentage of total count
 G = Total turns spent on level
                    A         B        C        D         E        F      G
               +---------+---------+-------+---------+---------+-------+---------
         Total |       0 |   20397 |   0.0 |       0 |     392 |   0.0 | 18253
               +---------+---------+-------+---------+---------+-------+---------
           D:1 |       0 |      40 |   0.0 |       0 |      22 |   0.0 |  1111
           D:2 |       0 |      26 |   0.0 |       0 |      12 |   0.0 |  1085
           D:3 |       0 |     154 |   0.0 |       0 |      22 |   0.0 |  1374
           D:4 |       0 |     540 |   0.0 |       0 |      21 |   0.0 |  1367
           D:5 |       0 |     888 |   0.0 |       0 |      34 |   0.0 |  1208
           D:6 |       0 |     451 |   0.0 |       0 |      23 |   0.0 |  1479
           D:7 |       0 |    3025 |   0.0 |       0 |      29 |   0.0 |  1986
           D:8 |       0 |    1489 |   0.0 |       0 |      38 |   0.0 |  1722
           D:9 |       0 |    1453 |   0.0 |       0 |      23 |   0.0 |   885
          D:10 |       0 |    1735 |   0.0 |       0 |      22 |   0.0 |  1120
          D:11 |       0 |    5492 |   0.0 |       0 |      33 |   0.0 |  1663
        Lair:1 |       0 |    3761 |   0.0 |       0 |      44 |   0.0 |  1851
        Lair:2 |       0 |    1018 |   0.0 |       0 |       5 |   0.0 |   129
         Sewer |       0 |     167 |   0.0 |       0 |      48 |   0.0 |   649
       Ossuary |       0 |     158 |   0.0 |       0 |      16 |   0.0 |   446
               +---------+---------+-------+---------+---------+-------+---------
